 Dungeon Crawl Stone Soup version 0.20.1-1-g8b1a95d (webtiles) character file.

115 potam12345 the Shooter (level 4, -3/37 HPs)
             Began as a Centaur Hunter on July 8, 2017.
             Slain by a gnoll
             ... wielding a +0 flail
              (4 damage)
             ... on level 2 of the Dungeon.
             The game lasted 00:24:03 (3275 turns).

potam12345 the Shooter (Centaur Hunter)             Turns: 3275, Time: 00:24:03

Health: -3/37      AC:  4    Str: 15    XL:     4   Next: 68%
Magic:  13/13      EV:  9    Int: 10    God:
Gold:   99         SH:  0    Dex: 10    Spells: 3/3 levels left

rFire    x . .     SeeInvis .   b - +0 short sword
rCold    + . .     Gourm    .   (no shield)
rNeg     . . .     Faith    .   c - +0 leather armour
rPois    .         Spirit   .   (no helmet)
rElec    .         Reflect  .   (no cloak)
rCorr    .         Harm     .   (no gloves)
MR       .....                  (no barding)
Stlth    +.........             (no amulet)
Regen    0.2/turn               x - ring of ice
MPRegen  0.2/turn               H - ring of magical power

@: very quick
A: hooves 3, deformed body, speed 2, tough skin 3
a: no special abilities


You were on level 2 of the Dungeon.
You were not hungry.

You visited 1 branch of the dungeon, and saw 3 of its levels.

You collected 99 gold pieces.

Inventory:

Hand Weapons
 a - a +1 shortbow
 b - a +0 short sword (weapon)
 i - a +0 spear
 q - a +0 club
 s - a +0 hunting sling
 u - a +0 dagger
 A - a +0 whip
 B - a cursed -2 short sword
 D - a +0 long sword
 G - a +0 dagger
Missiles
 d - 5 arrows
 o - 81 stones (quivered)
 y - 36 bolts
 z - 20 poisoned needles
Armour
 c - a +0 leather armour (worn)
 C - a +0 robe
 E - a +0 robe
Jewellery
 x - a ring of ice (left hand)
 H - a ring of magical power (right hand)
Scrolls
 g - 2 scrolls of enchant armour {unknown}
 k - 2 scrolls of enchant weapon {unknown}
 n - a scroll of remove curse {unknown}
 p - a scroll of teleportation {unknown}
 r - a scroll of immolation {unknown}
 t - a scroll of noise {unknown}
 w - a scroll of identify {unknown}
Potions
 e - a potion of flight {unknown}
 v - 3 potions of heal wounds {unknown}
Comestibles
 h - 2 fruits
 j - 2 meat rations
 l - 2 royal jellies
 m - a bread ration


   Skills:
 + Level 2.7 Fighting
 + Level 0.3 Short Blades
 + Level 6.6 Bows
 + Level 1.3 Throwing
 + Level 1.1 Armour
 + Level 1.5 Dodging
 + Level 0.5 Stealth


You had 3 spell levels left.
You didn't know any spells.

Dungeon Overview and Level Annotations

Branches:
Dungeon (3/15)

Altars:
Ashenzari
Gozag


Innate Abilities, Weirdness & Mutations

You have hooves in place of feet.
Armour fits poorly on your strangely shaped body.
You cover ground very quickly.
You have extremely tough skin. (AC +3)


Message History

You hit the gnoll shaman.
You kick the gnoll shaman, but do no damage.
The gnoll shaman is moderately wounded.
The gnoll shaman barely misses you. The gnoll barely misses you.
You hit the gnoll shaman.
The gnoll shaman is heavily wounded.
The gnoll shaman hits you with a whip.
* * * LOW HITPOINT WARNING * * *
You hit the gnoll shaman but do no damage.
The gnoll shaman is heavily wounded.
The gnoll barely misses you.
The gnoll shaman hits you but does no damage.
You hit the gnoll shaman but do no damage.
Your kick misses the gnoll shaman.
The gnoll shaman is heavily wounded.
The gnoll shaman calls upon its god to speed up the gnoll.
The gnoll seems to speed up.
The gnoll hits you with a flail.
* * * LOW HITPOINT WARNING * * *
The gnoll hits you with a flail.
You die...

#######.....#.###########.#..#...
...................# #.#.##.##
#######.#.####.###.######.#.##'##
#............# #........#......
###.##..#.#################......
........#........................
###................###..####.....
##############..gg## ##..........
................@># #..........
##############.#### #..........
## #.....##.# ##.##....### .#
#.....##.#######...#....#
.######.........#......_......#
.#...................#...######
.######.........##...##.## .#
#.........##......# ##### .#
#.........##......# #....


You could see a gnoll shaman and a gnoll.

Vanquished Creatures
  A gnoll (D:3)
  5 adders
  An ooze (D:2)
  2 worms (D:2)
  2 dart slugs (D:2)
  4 leopard geckos
  An orc (D:3)
  A ball python (D:2)
  8 bats
  A giant cockroach (D:1)
  4 goblins
  2 hobgoblins
  5 kobolds
  A quokka (D:3)
  A frilled lizard (D:1)
  6 rats
45 creatures vanquished.

Notes
Turn   | Place    | Note
-------+----------+-------------------------------------------
     0 | D:1      | potam12345 the Centaur Hunter began the quest for the Orb.
     0 | D:1      | Reached XP level 1. HP: 17/17 MP: 1/1
   273 | D:1      | Reached XP level 2. HP: 10/24 MP: 2/2
   895 | D:1      | Reached skill level 6 in Bows
   994 | D:2      | Found an opulent altar of Gozag.
  1087 | D:2      | Reached XP level 3. HP: 30/30 MP: 3/3
  1114 | D:2      | Found a shattered altar of Ashenzari.
  1194 | D:2      | HP: 1/30 [ooze (3)]
  2001 | D:2      | Reached XP level 4. HP: 19/37 MP: 4/4
  2597 | D:2      | Reached skill level 1 in Armour
  3022 | D:3      | Reached skill level 1 in Throwing
  3274 | D:2      | HP: 1/37 [gnoll/flail (6)]
  3275 | D:2      | Slain by a gnoll

Skill      XL: |  1  2  3  4 |
---------------+-------------+-----
Bows           | 6 |  6.6
Armour         | 1 |  1.1
Throwing       | 1 |  1.3
Fighting       | |  2.7
Short Blades   | |  0.3
Dodging        | |  1.5
Stealth        | |  0.5

Action                   |  1- 3 |  4- 6 || total
-------------------------+-------+-------++-------
Melee: Shortbow          |     2 |       ||     2
       Short sword       |    47 |    34 ||    81
       Kick              |     6 |     7 ||    13
 Fire: Shortbow          |    66 |    16 ||    82
Throw: Stone             |    23 |    24 ||    47
  Use: Scroll            |       |     1 ||     1
  Eat: Bread ration      |     1 |       ||     1
       Meat ration       |     1 |       ||     1
Armor: Leather armour    |    44 |    16 ||    60
Dodge: Dodged            |    60 |    31 ||    91
